AoeStats
← Cabra da Peste

Black Forest

510664375Analyzed
4v4 RM · 1d ago on Oct 2, 2026· 46m 46s· 8 players
Game mode
Random Map
Map size
Large (8 player)
Population
200
Speed
Normal
Resources
Standard
Victory
Conquest
Starting age
Dark Age
Ending age
Imperial Age
RankedLock teamsTeams togetherTeam positionsShared explorationLock speedFull tech treeHidden civsTurbo modeCheats
Victory
Defeat
🇧🇷 Aztecs · Brazil
1268
+11
🇧🇷 Gurjaras · Brazil
1243
+12
🇧🇷 Persians · Brazil
1230
+13
🇧🇷 Celts · Brazil
1178
+15
🇺🇸 Danes · United States
1209
-14
🇨🇱 Mongols · Chile
1163
-13
🇺🇸 Persians · United States
1154
-13
🇳🇿 Wei · New Zealand
1112
-11
iamjackscolon
11:05 Feudal Age
12:04 Double-Bit Axe
13:45 Wheelbarrow
12:56 Loom
17:35 Castle Age
15:43 Fishing Lines
16:07 Horse Collar
18:20 Bow Saw
20:05 Gold Mining
28:23 Fletching
28:57 Gillnets
30:51 Horse Collar
31:49 Heavy Plow
32:54 Bloodlines
33:53 Hand Cart
37:14 Imperial Age
35:41 Light Cavalry
36:22 Husbandry
36:33 Forging
37:26 Scale Barding Armor
37:58 Iron Casting
37:01 Heavy Camel Rider
37:49 Stone Mining
39:26 Two-Man Saw
38:55 Chain Barding Armor
39:51 Blast Furnace
39:35 Stone Shaft Mining
39:37 Bodkin Arrow
41:08 Gold Shaft Mining
42:14 Chemistry
40:56 Cavalier
42:30 Plate Barding Armor
42:45 Scale Mail Armor
43:09 Ballistics
42:45 Murder Holes
42:27 Savar
44:38 Conscription
45:33 Citadels
Ragavan
1:35 Loom
13:19 Feudal Age
14:00 Man-at-Arms
15:12 Arson
17:26 Double-Bit Axe
20:25 Scale Mail Armor
fat_dgk
3:35 Loom
10:45 Feudal Age
12:14 Double-Bit Axe
20:16 Castle Age
20:23 Fletching
21:07 Bodkin Arrow
37:20 Wheelbarrow
38:34 Padded Archer Armor
43:46 Imperial Age
peakdefied
12:10 Feudal Age
16:03 Castle Age
15:06 Double-Bit Axe
24:31 Bloodlines
24:22 Husbandry
24:35 Fishing Lines
27:17 Light Cavalry
28:47 Horse Collar
29:16 Scale Barding Armor
29:21 Forging
30:55 Wheelbarrow
30:30 Heavy Plow
30:25 Gold Mining
30:25 Stone Mining
30:53 Husbandry
31:00 Gillnets
35:32 Imperial Age
33:53 Hand Cart
34:23 Gold Shaft Mining
34:23 Stone Shaft Mining
33:54 Scale Mail Armor
34:16 Chain Barding Armor
34:32 Iron Casting
35:19 Tuntian
35:40 Fletching
36:40 Ming Guang Armor
36:35 Heavy Hei Guang Cavalry
39:42 Bodkin Arrow
40:50 Blast Furnace
Cabra da Peste
0:55 Loom
12:44 Feudal Age
14:45 Double-Bit Axe
17:34 Castle Age
17:56 Gold Mining
17:48 Horse Collar
33:57 Wheelbarrow
33:14 Double-Bit Axe
34:09 Heavy Plow
38:33 Hand Cart
38:40 Pikeman
42:22 Imperial Age
40:08 Man-at-Arms
40:33 Gambesons
41:22 Bow Saw
41:06 Long Swordsman
44:35 Forging
44:25 Scale Mail Armor
43:59 Halberdier
44:00 Two-Handed Swordsman
GaloDoido
13:27 Feudal Age
17:17 Castle Age
15:15 Double-Bit Axe
18:46 Bow Saw
20:37 Horse Collar
22:13 Wheelbarrow
22:57 Gold Mining
25:32 Fishing Lines
26:56 Gold Shaft Mining
27:30 Hand Cart
27:21 Loom
27:21 Town Watch
32:11 Imperial Age
30:07 Bloodlines
29:57 Husbandry
30:05 Scale Barding Armor
31:24 Chain Barding Armor
31:14 Stone Mining
32:23 Forging
32:14 Cavalier
34:01 Plate Barding Armor
34:02 Iron Casting
34:54 Chemistry
35:44 Blast Furnace
34:06 Savar
35:45 Heavy Plow
36:48 Two-Man Saw
36:39 Stone Shaft Mining
37:28 Town Patrol
38:11 Light Cavalry
44:45 Conscription
dionathanbh
12:03 Feudal Age
15:51 Castle Age
13:45 Double-Bit Axe
23:36 Wheelbarrow
22:44 Horse Collar
22:57 Gold Mining
24:40 Stone Mining
27:17 Fishing Lines
27:49 Bow Saw
27:56 Hand Cart
28:15 Caravan
32:00 Imperial Age
29:18 Town Watch
29:42 Kshatriyas
30:58 Forging
30:48 Scale Mail Armor
31:45 Gold Shaft Mining
32:48 Iron Casting
33:06 Chain Mail Armor
32:57 Scale Barding Armor
32:17 Light Cavalry
33:08 Bloodlines
32:58 Husbandry
32:26 Elite Chakram Thrower
33:27 Conscription
35:11 Stone Shaft Mining
35:19 Plate Mail Armor
36:06 Chain Barding Armor
35:35 Hussar
45:18 Heavy Camel Rider
47:52 Plate Barding Armor
nborgesfilho
0:26 Loom
11:51 Feudal Age
15:55 Castle Age
18:16 Redemption
18:34 Sanctity
26:48 Horse Collar
28:18 Fervor
30:58 Heavy Plow
31:24 Double-Bit Axe
32:35 Wheelbarrow
37:47 Imperial Age
35:20 Fletching
35:56 Bodkin Arrow
35:46 Crossbowman
36:29 Padded Archer Armor
38:02 Leather Archer Armor
38:18 Ballistics
38:28 Hand Cart
38:44 Bracer
39:47 Chemistry
38:19 Arbalester
41:34 Forging
43:07 Iron Casting
43:28 Gold Mining
43:29 Stone Mining
47:06 Blast Furnace
46:07 Scale Mail Armor
46:20 Bow Saw
46:54 Conscription
46:56 Garland Wars
46:37 Atlatl
45:58 Elite Jaguar Warrior
Connection lost

Rejoining the realm…

Still unreachable

The connection could not be restored.

Session expired

The server has moved on; the page needs a fresh start.